 Dungeon Crawl Stone Soup version 0.19-a0-1920-g83281cb (webtiles) character file.

710 hairmachine the Cleaver (level 7, -1/62 HPs)
             Began as a Hill Orc Abyssal Knight on Oct 23, 2016.
             Was a Priest of Lugonu.
             Slain by Prince Ribbit (6 damage)
             ... on level 7 of the Dungeon.
             The game lasted 00:40:41 (9757 turns).

hairmachine the Cleaver (Hill Orc Abyssal Knight)   Turns: 9757, Time: 00:40:42

Health: -1/62      AC:  9    Str: 15 (17) XL:     7   Next: 68%
Magic:  8/8        EV:  6    Int: 12      God:    Lugonu [***...]
Gold:   277        SH:  0    Dex:  9 (10) Spells: 0 memorised, 6 levels left

rFire  . . .     SeeInvis .     q - 2 scrolls of identify {!r}
rCold  . . .     Gourm    .     w - +0 chain mail
rNeg   . . .     Faith    .     (no shield)
rPois  .         Spirit   .     (no helmet)
rElec  .         Reflect  .     (no cloak)
rCorr  +         Harm     .     (no gloves)
MR     .....                    (no boots)
Stlth  ..........               (no amulet)
                                (no ring)
                                v - ring of resist corrosion

@: no status effects
A: no striking features
a: Depart the Abyss, Bend Space, Banish, Renounce Religion


You were on level 7 of the Dungeon.
You worshipped Lugonu.
Lugonu was most pleased with you.
You were not hungry.

You visited 1 branch of the dungeon, and saw 7 of its levels.
You visited the Abyss 1 time.

You collected 277 gold pieces.


   Skills:
 + Level 5.7 Fighting
 + Level 9.1 Axes
 - Level 3.9 Armour
 - Level 0.7 Dodging
 - Level 2.4 Invocations


You had 6 spell levels left.
You didn't know any spells.

Inventory:

Hand Weapons
 g - a +0 blowgun
   (You took it off a kobold on level 3 of the Dungeon)
 m - a +0 war axe
   (You took it off an orc on level 2 of the Dungeon)
 y - a +2 whip of draining
   (You took it off an orc on level 3 of the Dungeon)
Missiles
 e - a silver tomahawk (quivered)
 n - a poisoned needle
 o - 2 tomahawks
Armour
 a - a +0 buckler
   (You found it on level 1 of the Dungeon)
 u - a +2 ring mail of fire resistance
   (You found it on level 2 of the Dungeon)
 w - a +0 chain mail (worn)
   (You found it on level 3 of the Dungeon)
Jewellery
 v - a ring of resist corrosion (left hand)
   (You found it on level 6 of the Dungeon)
Scrolls
 h - a scroll of enchant weapon {!r, unknown}
 q - 2 scrolls of identify (in hand) {!r}
 A - a scroll of immolation {!r, unknown}
Potions
 d - a potion of cancellation {!q}
Books
 l - a book of Minor Magic
   (You found it on level 3 of the Dungeon)

   Spells                             Type                      Level
   a - Magic Dart                     Conjuration                  1
   b - Blink                          Translocation                2
   c - Call Imp                       Summoning                    2
   d - Repel Missiles                 Charms/Air                   2
   e - Slow                           Hexes                        2
   f - Conjure Flame                  Conjuration/Fire             3
   g - Mephitic Cloud                 Conjuration/Poison/Air       3
 p - a book of Cantrips
   (You found it on level 2 of the Dungeon)

   Spells                             Type                      Level
   a - Confusing Touch                Hexes                        1
   b - Animate Skeleton               Necromancy                   1
   c - Summon Small Mammal            Summoning                    1
   d - Apportation                    Translocation                1
 t - a book of Conjurations
   (You found it on level 3 of the Dungeon)

   Spells                             Type                      Level
   a - Magic Dart                     Conjuration                  1
   b - Searing Ray                    Conjuration                  2
   c - Dazzling Spray                 Conjuration/Hexes            3
   d - Fulminant Prism                Conjuration/Hexes            4
   e - Iskenderun's Mystic Blast      Conjuration                  4
   f - Iskenderun's Battlesphere      Conjuration/Charms           5
Comestibles
 b - 4 meat rations
 c - 7 bread rations
 i - 2 royal jellies

Dungeon Overview and Level Annotations

Branches:
Dungeon (7/15)
 Temple: D:4-7

Altars:
Cheibriados
Sif Muna
Vehumet
Zin
The Shining One

Shops:
D:4 (

Annotations:
D:7 Prince Ribbit

#.. #..s..####
##.## #.%l@....#
... ##.F####.# #.#
####..### #<#
#.......# #.#
#..#%.#.#
#.#####..#...#..
#ยง.l.....#.....<.#
########.......###
####.#### .# ..


You could see Prince Ribbit, a leopard gecko and a giant cockroach.


Message History

Prince Ribbit blinks!
Prince Ribbit blinks!
Items here: ))) [ a leather armour; a hand axe; a whip; a hand axe Prince Ribbit blinks!
Prince Ribbit blinks!
Prince Ribbit blinks!
Prince Ribbit catches a fly with his tongue.
Prince Ribbit hits you but does no damage.
Prince Ribbit closely misses you.
Prince Ribbit blinks!
Prince Ribbit blinks!
n - a poisoned needle
Things that are here:
a whip; a leather armour; a flail of draining
n - 2 poisoned needles (gained 1)
You see here a poisoned needle.
Prince Ribbit blinks!
You see here a poisoned needle.
Prince Ribbit closely misses you. Prince Ribbit barely misses you.
Found a stone staircase leading down.
Prince Ribbit blinks!
A leopard gecko comes into view.
The leopard gecko hisses angrily.
Prince Ribbit blinks!
Found a stone staircase leading up.
A wight comes into view. It is wielding an enchanted dagger.
Prince Ribbit hits you but does no damage.
There is a stone staircase leading down here.
Your chain mail prevents you from hitting Prince Ribbit.
Prince Ribbit barely misses you.
You closely miss Prince Ribbit. Prince Ribbit barely misses you.
Prince Ribbit hits you.
* * * LOW HITPOINT WARNING * * *
Damage: -6%(-4hp) hp: 38%(23hp)
You closely miss Prince Ribbit. You hit the leopard gecko.
The leopard gecko bites you but does no damage.
Prince Ribbit hits you!
* * * LOW HITPOINT WARNING * * *
The leopard gecko closely misses you.
Huge Dmg: -25%(-15hp) hp: 13%(8hp) Unknown command.
Prince Ribbit hits you but does no damage.
The leopard gecko bites you.
* * * LOW HITPOINT WARNING * * *
You climb downwards.
There is a stone staircase leading up here.
Huge Dmg: -4%(-3hp) hp: 9%(5hp) Unknown command.
You barely miss the leopard gecko.
The leopard gecko is moderately wounded.
You closely miss Prince Ribbit.
Prince Ribbit hits you but does no damage.
The leopard gecko barely misses you.
Prince Ribbit blinks!
There are monsters nearby!
You drop a poisoned needle.
The leopard gecko bites you but does no damage.
Wear which item? (? for menu, Esc to quit)
You don't have any such object.
Wear which item? (? for menu, Esc to quit)
Wear which item? (? for menu, Esc to quit)
Wear which item? (? for menu, Esc to quit)
Huh?
Wear which item? (? for menu, Esc to quit)
Okay, then.
Unknown command.
Wield which item (- for none, * to show all)? (? for menu, Esc to quit)
e - a silver tomahawk (in hand)
The leopard gecko bites you.
* * * LOW HITPOINT WARNING * * *
Number of times to repeat, then command key: Throwing (i - inventory. (,) - cycle):
e - a silver tomahawk (in hand)
Press: ? - help, Shift-Dir - straight line, f - leopard gecko
Aim: a leopard gecko (moderately wounded, clinging)
Okay, then.
Throwing (i - inventory. (,) - cycle):
e - a silver tomahawk (in hand)
Press: ? - help, Shift-Dir - straight line, f - leopard gecko
Aim: a leopard gecko (moderately wounded, clinging)
Okay, then.
Damage: -1%(-1hp) hp: 9%(5hp)
A giant cockroach comes into view.
The leopard gecko barely misses you.
Okay, then.
Okay, then.
Wield which item (- for none, * to show all)? (? for menu, Esc to quit)
q - 2 scrolls of identify (in hand) {!r} Unknown command.
Space bends around you!
You blink.
* * * LOW HITPOINT WARNING * * *
Prince Ribbit blinks!
Huge Dmg: -5%(-3hp) hp: 5%(3hp)
Found a meat ration and a slice of pizza.
Found an escape hatch in the ceiling.
Prince Ribbit hops awkwardly around.
The giant cockroach barely misses you.
The leopard gecko bites you but does no damage.
Prince Ribbit hits you.
You die...

Vault maps used:
D:1:      co_arrival_square_in_a_square_in_a_square, minmay_rat_gold_closets
D:2:      serial_park_tiny_pond
D:3:      lemuel_blue_sif_altar
D:4:      kennysheep_mini_moat, gammafunk_temple_overflow_claw, first_bread,
          serial_shops, shop, hangedman_decor_growths
D:6:      tgw_fedhas, hangedman_decor_slide_cut, uniq_sigmund,
          uniq_prince_ribbit1
D:7:      uniq_duvessa

Notes
Turn   | Place    | Note
-------+----------+-------------------------------------------
     0 | Abyss:1  | hairmachine the Hill Orc Abyssal Knight began the quest for the Orb.
     0 | Abyss:1  | Reached XP level 1. HP: 19/19 MP: 2/2
    58 | Abyss:1  | Noticed a thrashing horror
    59 | D:1      | Escaped the Abyss
    90 | D:1      | Reached skill level 3 in Axes
   399 | D:1      | Reached XP level 2. HP: 26/26 MP: 3/3
   404 | D:1      | Reached * piety under Lugonu
   698 | D:1      | Reached skill level 4 in Axes
  1189 | D:1      | Reached XP level 3. HP: 31/31 MP: 4/4
  1655 | D:1      | Reached skill level 5 in Axes
  2448 | D:2      | Reached XP level 4. HP: 25/39 MP: 5/5
  3028 | D:2      | Reached skill level 6 in Axes
  3165 | D:3      | Reached ** piety under Lugonu
  3790 | D:3      | Reached XP level 5. HP: 40/45 MP: 6/6
  4188 | D:3      | Reached skill level 7 in Axes
  4427 | D:3      | Found a deep blue altar of Sif Muna.
  4750 | D:4      | Reached XP level 6. HP: 7/51 MP: 7/7
  5115 | D:4      | Noticed a phantom
  5439 | D:4      | Found Vuikob's Weapon Shoppe.
  5740 | D:4      | Found a radiant altar of Vehumet.
  5763 | D:4      | Noticed an ice beast
  6099 | D:5      | Entered Level 5 of the Dungeon
  6383 | D:5      | Noticed a necrophage
  6402 | D:5      | Killed a necrophage
  6402 | D:5      | Reached *** piety under Lugonu
  6402 | D:5      | Reached skill level 8 in Axes
  6467 | D:5      | Reached XP level 7. HP: 55/58 MP: 8/8
  7347 | D:4      | Found a snail-covered altar of Cheibriados.
  7347 | D:4      | Found a glowing golden altar of the Shining One.
  7348 | D:4      | Found a glowing silver altar of Zin.
  7827 | D:6      | Reached skill level 5 in Fighting
  7933 | D:6      | Noticed Prince Ribbit
  9214 | D:6      | Reached skill level 9 in Axes
  9749 | D:7      | HP: 3/62 [spatial distortion (3)]
  9757 | D:7      | Slain by Prince Ribbit

Vanquished Creatures
  An orc warrior (D:6)
  A necrophage (D:5)
  A howler monkey (D:4)
  A crimson imp (D:6)
  3 orc priests
  4 orc wizards
  A worker ant (D:5)
  A worker ant zombie (D:5)
  6 adders
  An ooze (D:3)
  An adder skeleton (D:5)
  An adder zombie (D:6)
  5 worms
  3 dart slugs (D:1)
  3 leopard geckos
  24 orcs
  12 bats
  4 giant cockroaches (D:1)
  5 goblins
  10 hobgoblins
  14 jackals
  2 quokkas
  2 ball pythons
  4 frilled lizards
  5 kobolds
  15 rats
130 creatures vanquished.

Action                   |  1- 3 |  4- 6 |  7- 9 || total
-------------------------+-------+-------+-------++-------
Melee: Hand axe          |   127 |    82 |       ||   209
       War axe           |       |   191 |   133 ||   324
 Fire: Blowgun           |       |       |    26 ||    26
Throw: Stone             |     3 |       |       ||     3
       Tomahawk          |       |     7 |     5 ||    12
Invok: Depart the Abyss  |     1 |       |       ||     1
       Bend Space        |       |       |     6 ||     6
  Use: Scroll            |       |     6 |     5 ||    11
       Potion            |       |     6 |     2 ||     8
  Eat: Chunk             |     5 |    11 |     6 ||    22
       Pizza             |       |       |     2 ||     2
       Beef jerky        |       |       |     2 ||     2
Armor: Leather armour    |    44 |     2 |       ||    46
       Ring mail         |       |    59 |       ||    59
       Chain mail        |       |    59 |    90 ||   149
Dodge: Dodged            |    54 |   109 |    48 ||   211
Block: Buckler           |    14 |    24 |     4 ||    42

Skill      XL: |  1  2  3  4  5  6  7 |
---------------+----------------------+-----
Axes           | 3 4 5 6 7 8 9 |  9.1
Armour         | 3 |  3.9
Fighting       | 4 5 |  5.7
Dodging        | |  0.7
Invocations    | |  2.4
